 Dungeon Crawl Stone Soup version 0.20.1-1-g8b1a95d (webtiles) character file.

1214 Linguinho the Grappler (level 8, -2/78 HPs)
             Began as a Troll Monk on Nov 13, 2017.
             Was a Priest of Cheibriados.
             Splashed by a jelly's acid (7 damage)
             ... while paralysed by Grinder
             ... on level 5 of the Dungeon.
             The game lasted 00:07:15 (3450 turns).

Linguinho the Grappler (Troll Monk)                 Turns: 3450, Time: 00:07:15

Health: -2/78      AC:  1    Str: 30    XL:     8   Next: 22%
Magic:  8/8        EV:  1    Int: 14    God:    Cheibriados [***...]
Gold:   243        SH:  0    Dex: 20    Spells: 7/7 levels left

rFire    . . .     SeeInvis .     - Unarmed
rCold    . . .     Gourm    +   (no shield)
rNeg     . . .     Faith    .   a - +0 robe
rPois    .         Spirit   .   (helmet restricted)
rElec    .         Reflect  .   (no cloak)
rCorr    .         Harm     .   (gloves unavailable)
MR       .....                  (boots unavailable)
Stlth    ++........             (no amulet)
Regen    0.7/turn               (no ring)
MPRegen  0.2/turn               (no ring)

@: paralysed, corroded, very slow
A: unfitting armour, claws 3, fast metabolism 3, gourmand, regeneration 1,
shaggy fur 1, tough skin 2
a: Bend Time, Temporal Distortion, Renounce Religion


You were on level 5 of the Dungeon.
You worshipped Cheibriados.
Cheibriados was most pleased with you.
You were not hungry.

You visited 2 branches of the dungeon, and saw 6 of its levels.

You collected 243 gold pieces.

Inventory:

Armour
 a - a +0 robe (worn)
Jewellery
 g - a +4 ring of intelligence {unknown}
 n - an uncursed ring of magical power {unknown}
 t - a cursed -2 ring of slaying {unknown}
Wands
 k - a wand of flame (20/48)
Scrolls
 d - 2 scrolls of identify {unknown}
 e - 3 scrolls of magic mapping {unknown}
 f - 2 scrolls of remove curse {unknown}
 h - 3 scrolls of amnesia {unknown}
 i - 2 scrolls of random uselessness {unknown}
 p - a scroll of immolation {unknown}
 s - a scroll of blinking {unknown}
 x - a scroll of enchant weapon {unknown}
Potions
 c - 3 potions of haste
 j - a potion of degeneration {unknown}
 l - 3 potions of agility {unknown}
 m - a potion of might
 o - 2 potions of brilliance {unknown}
 q - 2 potions of curing {unknown}
 r - 3 potions of lignification {unknown}
Books
 w - a book of Minor Magic

   Spells                             Type                      Level
   a - Magic Dart                     Conjuration                  1
   b - Blink                          Translocation                2
   c - Call Imp                       Summoning                    2
   d - Slow                           Hexes                        2
   e - Conjure Flame                  Conjuration/Fire             3
   f - Mephitic Cloud                 Conjuration/Poison/Air       3
Comestibles
 b - 4 bread rations
 u - a meat ration
 v - a royal jelly


   Skills:
 + Level 3.9 Fighting
 + Level 4.4 Dodging
 - Level 1.0 Stealth
 + Level 8.0 Unarmed Combat
 * Level 1.8 Evocations


You had 7 spell levels left.
You didn't know any spells.

Dungeon Overview and Level Annotations

Branches:
Dungeon (5/15)             Temple (1/1) D:4

Altars:
Ashenzari
Cheibriados
Elyvilon
Fedhas
Hepliaklqana
Okawaru
Trog
Uskayaw

Annotations:
D:5 Grinder


Innate Abilities, Weirdness & Mutations

You are too large for most types of armour.
You have claws for hands.
Your metabolism is lightning-fast.
You like to eat raw meat.
Your natural rate of healing is unusually fast.
You are covered in fur. (AC +1)
You have very tough skin. (AC +2)


Message History

Grinder is almost dead.
The jelly misses you.
Grinder blinks!
You closely miss Grinder. Your claw misses Grinder.
Grinder is almost dead.
The jelly closely misses you.
You closely miss Grinder.
Grinder is almost dead.
Grinder blinks!
The jelly hits you. The acid corrodes you!
You are splashed with acid!
The acid burns!
* * * LOW HITPOINT WARNING * * *
The jelly hits you.
* * * LOW HITPOINT WARNING * * *
You are splashed with acid!
The acid burns!
* * * LOW HITPOINT WARNING * * *
Grinder gestures at you.
You suddenly lose the ability to move!
The jelly hits you.
* * * LOW HITPOINT WARNING * * *
You are splashed with acid!
The acid burns!
You die...

.# .. $# # ##.#.### ##
.$.#... #...# #)...
#...# #..# #...#
#######J.#### #...#
#.5...@.....#
####...####.#####..##.#
............# #..# #
............# #....
............# #.####
####...###### #$#
#.....# #.# #.....# .#
#.....#


You could see Grinder and a jelly.

Vanquished Creatures
  Sigmund (D:2)
  A sky beast (D:5)
  2 ogres
  A howler monkey (D:4)
  3 crimson imps
  A bullfrog skeleton (D:4)
  A gnoll shaman (D:4)
  An orc priest (D:4)
  A hound (D:5)
  An orc wizard (D:4)
  2 iguanas (D:4)
  A worker ant (D:4)
  A centaur skeleton (D:5)
  Terence (D:2)
  Natasha (thrice) (D:2)
  The ghost of letownia2 the Grave Robber, a weakling DDNe (D:4)
  8 gnolls (D:4)
  6 adders
  A river rat (D:4)
  An ooze (D:5)
  An adder zombie (D:5)
  2 worms
  2 dart slugs (D:1)
  6 leopard geckos
  24 orcs
  9 bats
  7 giant cockroaches
  5 goblins
  4 hobgoblins
  8 jackals
  5 kobolds
  3 quokkas
  A ball python (D:1)
  5 frilled lizards
  8 rats
128 creatures vanquished.

Notes
Turn   | Place    | Note
-------+----------+-------------------------------------------
     0 | D:1      | Linguinho the Troll Monk began the quest for the Orb.
     0 | D:1      | Reached XP level 1. HP: 22/22 MP: 0/0
   108 | D:1      | Reached XP level 2. HP: 29/29 MP: 1/1
   623 | D:1      | Reached XP level 3. HP: 36/36 MP: 2/2
   856 | D:2      | Noticed Natasha
   865 | D:2      | Killed Natasha
   867 | D:2      | Noticed Natasha
   878 | D:2      | Killed Natasha
   878 | D:2      | Reached skill level 4 in Unarmed Combat
   878 | D:2      | Reached XP level 4. HP: 9/45 MP: 3/3
   957 | D:2      | Noticed Natasha
   963 | D:2      | Killed Natasha
  1086 | D:2      | Noticed Sigmund
  1094 | D:2      | Killed Sigmund
  1094 | D:2      | Reached skill level 5 in Unarmed Combat
  1094 | D:2      | Reached XP level 5. HP: 32/53 MP: 4/4
  1094 | D:2      | Reached XP level 6. HP: 37/61 MP: 5/5
  1166 | D:2      | Noticed Terence
  1172 | D:2      | Killed Terence
  2151 | D:4      | Found a staircase to the Ecumenical Temple.
  2160 | D:4      | Reached skill level 6 in Unarmed Combat
  2182 | Temple   | Entered the Ecumenical Temple
  2211 | Temple   | Became a worshipper of Cheibriados the Contemplative
  2211 | Temple   | Reached * piety under Cheibriados
  2211 | Temple   | Reached ** piety under Cheibriados
  2257 | D:4      | Noticed letownia2's ghost (weakling DDNe)
  2262 | D:4      | Killed letownia2's ghost
  2345 | D:4      | Reached XP level 7. HP: 67/67 MP: 6/6
  2538 | D:5      | Entered Level 5 of the Dungeon
  2635 | D:4      | Reached skill level 7 in Unarmed Combat
  2648 | D:4      | Reached skill level 1 in Evocations
  2648 | D:4      | HP: 2/68 [gnoll/halberd (8)]
  2798 | D:4      | Reached *** piety under Cheibriados
  3216 | D:5      | Reached XP level 8. HP: 78/78 MP: 8/8
  3384 | D:5      | Reached skill level 8 in Unarmed Combat
  3437 | D:5      | Noticed Grinder
  3439 | D:5      | Paralysed by Grinder for 5 turns
  3449 | D:5      | Paralysed by Grinder for 2 turns
  3450 | D:5      | Splashed by a jelly's acid

Skill      XL: |  1  2  3  4  5  6  7  8 |
---------------+-------------------------+-----
Fighting       | 3 |  3.9
Unarmed Combat | 4 5 6 7 8 |  8.0
Dodging        | 3 4 |  4.4
Evocations     | 1 |  1.8
Stealth        | |  1.0

Action                   |  1- 3 |  4- 6 |  7- 9 || total
-------------------------+-------+-------+-------++-------
Melee: Unarmed           |    77 |   124 |   150 ||   351
       Punch             |       |     5 |     3 ||     8
 Stab: Sleeping          |     2 |     3 |     5 ||    10
       Distracted        |       |       |     1 ||     1
  Eat: Chunk             |     4 |    22 |     3 ||    29
Armor: Robe              |    27 |    30 |    33 ||    90
Dodge: Dodged            |    46 |    69 |   124 ||   239
